 Dungeon Crawl Stone Soup version 0.29-a0-993-g4a18f31a58 (console) character file.

Game seed: 502466271692674331

87 capslocke the Sneak (level 4, 0/28 HPs)
             Began as a Vampire Enchanter on Aug 3, 2022.
             Slain by an orc
             ... wielding a +0 falchion
              (6 damage)
             ... on level 4 of the Dungeon.
             The game lasted 00:11:18 (3301 turns).

capslocke the Sneak (Vampire Enchanter)             Turns: 3301, Time: 00:11:18

Health: 0/28       AC:  8    Str:  6 (7)  XL:     4   Next: 28%
Magic:  2/7        EV: 12    Int: 16 (17) God:
Gold:   171        SH:  0    Dex: 14 (16) Spells: 4/7 levels left

rFire   . . .      SeeInvis +   a - +1 dagger
rCold   . . .      Faith    .   (no shield)
rNeg    . . .      Spirit   .   b - +0 robe
rPois   .          Reflect  .   v - +0 helmet
rElec   .          Harm     .   (no cloak)
rCorr   +          Rampage  .   m - +0 pair of gloves
Will    .....                   (no boots)
Stlth   +++.......              (no amulet)
HPRegen 0.29/turn               h - +4 ring of protection
MPRegen 0.10/turn               t - ring of resist corrosion

@: healing quickly
A: alive, fangs 3, see invisible, vampiric 2, [frail 1]
a: Exsanguinate


You were on level 4 of the Dungeon.
You visited 1 branch of the dungeon, and saw 4 of its levels.

You collected 171 gold pieces.

Inventory:

Hand Weapons
 a - a +1 dagger (weapon)
 r - a +1 flail of draining
Missiles
 z - 5 boomerangs (quivered)
Armour
 b - a +0 robe (worn)
 m - a +0 pair of gloves (worn)
 v - a +0 helmet (worn)
Jewellery
 h - a +4 ring of protection (left hand)
 t - a ring of resist corrosion (right hand)
 A - a ring of ice
Scrolls
 d - a scroll of poison {unknown}
 f - 4 scrolls of identify {unknown}
 j - a scroll of amnesia {unknown}
 l - 2 scrolls of magic mapping {unknown}
 p - a scroll of teleportation {unknown}
 q - a scroll of enchant armour {unknown}
 s - a scroll of noise {unknown}
 w - 2 scrolls of vulnerability {unknown}
 x - a scroll of enchant weapon {unknown}
 y - a scroll of immolation {unknown}
 B - a scroll of summoning {unknown}
Potions
 c - 3 potions of invisibility
 e - 2 potions of resistance {unknown}
 g - 3 potions of haste {unknown}
 i - a potion of might {unknown}
 k - a potion of lignification {unknown}
 n - 2 potions of curing {unknown}
 o - a potion of mutation {unknown}
 u - a potion of brilliance {unknown}


   Skills:
 + Level 1.2 Fighting
 + Level 1.7 Short Blades
 + Level 2.6 Dodging
 + Level 5.1 Stealth
 + Level 2.3 Spellcasting
 + Level 4.8 Hexes
 + Level 1.2 Ice Magic
 + Level 0.7 Poison Magic


You had 4 spell levels left.
You knew the following spells:

 Your Spells              Type           Power      Damage    Failure   Level
a - Sting                 Tmut/Pois      12%        1d3       17%         1
b - Ensorcelled Hibernat  Hex/Ice        22%        N/A       9%          2

Your spell library contained the following spells:

 Spells                   Type           Power      Damage    Failure   Level
 Slow                     Hex            68%        N/A       2%          1
 Confusing Touch          Hex            17%        N/A       9%          3
 Tukima's Dance           Hex            17%        N/A       9%          3
 Dazzling Flash           Conj/Hex       18%        N/A       22%         3
 Poisonous Vapours        Pois/Air       6%         N/A       26%         2
 Vampiric Draining        Necr           1%         2d6       52%         3
 Olgreb's Toxic Radiance  Pois           4%         N/A       83%         4


Dungeon Overview and Level Annotations

Branches:
Dungeon (4/15)
 Temple: D:4-7

Altars:
Nemelex Xobeh


Innate Abilities, Weirdness & Mutations

Your natural rate of healing is accelerated.
You have razor-sharp teeth.
You have supernaturally acute eyesight. (SInv)
You are afflicted with vampirism and can become a bat while bloodless.
[You are frail. (-10% HP)]


Message History

Confirm with . or Enter, or press ? or * to list all spells.
Aiming: Ensorcelled Hibernation (safe; 9% risk of failure)
Press: ? - help, Shift-Dir - straight line, f - orc, p - orc
Aim: an orc, wielding a +0 flail (chance to affect: 62%)
The orc looks drowsy...
The orc shouts!
The helpless orc fails to defend itself.
You impale the orc!!
You kill the orc!
The orc barely misses you.
Casting: Ensorcelled Hibernation (safe; 9% risk of failure)
Confirm with . or Enter, or press ? or * to list all spells.
Aiming: Ensorcelled Hibernation (safe; 9% risk of failure)
Press: ? - help, Shift-Dir - straight line, f - orc
Aim: an orc, wielding a +0 dagger (chance to affect: 62%)
The orc looks drowsy...
The orc closely misses you.
A nearby fungus withers and dies.
The orc closely misses you.
Things that are here:
a +0 flail; an orc corpse You barely miss the orc.
The orc closely misses you. The orc misses you.
You hit the orc.
The orc is heavily wounded.
The orc closely misses you. The orc hits you but does no damage.
You hit the orc. You bite the orc.
You kill the orc!
The orc closely misses you.
You barely miss the orc. The ogre barely misses you. The orc misses you.
A kobold comes into view. It is wielding a +0 short sword.
You barely miss the ogre. The orc barely misses you.
The kobold shouts!
You hit the ogre but do no damage. The ogre barely misses you.
The orc hits you but does no damage.
You hit the ogre.
The ogre is lightly wounded.
The ogre hits you with a +0 giant spiked club!!
Ouch! That really hurt!
* * * LOW HITPOINT WARNING * * *
The orc closely misses you. The orc hits you with a +0 falchion.
You die... #.#.###..# .........# .........# PPPPPPP..#

)PPPPPPP..#####
.......PP......
.......PPO.K#
.≈≈≈≈(.PP)o.#
....≈..P.@..#
.._.≈..PP..##
....≈......#
...........####
.##...<........
#...########.
....... ...#.#.
#. #.#.


You could see an ogre, an orc and a kobold.

Vanquished Creatures
  3 adders
  A worm (D:3)
  A dart slug (D:1)
  2 orcs (D:4)
  6 ball pythons
  4 endoplasms
  8 goblins
  2 hobgoblins (D:2)
  A kobold (D:2)
  2 quokkas (D:3)
  12 bats
  5 frilled lizards
  5 rats
52 creatures vanquished.

Vanquished Creatures (others)
  A fungus (D:4)
1 creature vanquished.

Grand Total: 53 creatures vanquished

Notes
Turn   | Place    | Note
-------+----------+-------------------------------------------
     0 | D:1      | capslocke the Vampire Enchanter began the quest for the
                  | Orb.
     0 | D:1      | Reached XP level 1. HP: 13/13 MP: 3/3
   402 | D:1      | Learned a level 1 spell: Sting
   411 | D:1      | Reached XP level 2. HP: 15/15 MP: 3/5
  1309 | D:2      | Gained mutation: You are afflicted with vampirism and can
                  | become a bat while bloodless. [Vampire growth]
  1309 | D:2      | Reached XP level 3. HP: 19/20 MP: 6/6
  2868 | D:3      | Reached skill level 1 in Fighting
  2888 | D:3      | Reached skill level 5 in Stealth
  2888 | D:3      | Reached skill level 1 in Ice Magic
  2933 | D:3      | Noticed a shining eye
  2945 | D:3      | Noticed a great orb of eyes
  2947 | D:3      | Found a faded altar of an unknown god.
  2949 | D:3      | Noticed a shining eye
  2949 | D:3      | Noticed an eye of devastation
  3055 | D:3      | Reached XP level 4. HP: 28/28 MP: 7/7
  3142 | D:3      | Learned a level 2 spell: Ensorcelled Hibernation
  3283 | D:4      | Found a sparkling altar of Nemelex Xobeh.
  3288 | D:4      | Noticed an ogre
  3301 | D:4      | Slain by an orc

Illustrated notes

Levels and vault maps discovered:
D:1:      lemuel_arrival_river_bridge, layout_basic
D:2:      layout_loops_corners, uniq_robin
D:3:      layout_rooms, hellmonk_ecumenical_altar_watching_god, minmay_unequal
D:4:      layout_loops_ring, mainiacjoe_overflow_chevrons,
          nicolae_wu_jian_wuxing_cycle, serial_shops, kennysheep_little_box,
          nicolae_shop_hallway_plus, nicolae_shop_vocational

Skill      XL: |  1  2  3 |
---------------+----------+-----
Fighting       | 1 |  1.2
Stealth        | 5 |  5.1
Ice Magic      | 1 |  1.2
Short Blades   | |  1.7
Dodging        | |  2.6
Spellcasting   | |  2.3
Hexes          | |  4.8
Poison Magic   | |  0.7

Action                   |  1- 3 |  4- 6 || total
-------------------------+-------+-------++-------
Melee: Dagger            |   111 |    19 ||   130
       Bite              |    10 |     2 ||    12
       Unarmed           |    27 |       ||    27
Throw: Boomerang         |       |     4 ||     4
 Cast: Sting             |     6 |       ||     6
       Ensorcelled Hiber |       |     6 ||     6
 Abil: Exsanguinate      |     2 |       ||     2
       End Transformatio |     1 |       ||     1
       Bat Form          |     1 |       ||     1
       Revivify          |     1 |       ||     1
 Stab: Sleeping          |    16 |     5 ||    21
Armor: Robe              |    45 |     8 ||    53
Dodge: Dodged            |    84 |    16 ||   100

Table legend: (Time is in decaauts)
 A = Elapsed time spent in this place.
 B = Non-inter-level travel time spent in this place.
 C = Inter-level travel time spent in this place.
 D = Time resting spent in this place.
 E = Time spent auto-exploring this place.
 F = Levels seen in this place.
 G = Mean time per level.
                   A        B        C        D        E       F      G
               +--------+--------+--------+--------+--------+-----+--------+
         Total |   3266 |   3219 |     47 |    973 |   1709 |   4 |  816.5 |
       Dungeon |   3266 |   3219 |     47 |    973 |   1709 |   4 |  816.5 |
               +--------+--------+--------+--------+--------+-----+--------+

Top non-repeatable levels by time:
     D:2: 1348 daAuts
     D:3: 1041 daAuts
     D:1: 860 daAuts
     D:4: 17 daAuts
